 Dungeon Crawl Stone Soup version 0.27-a0-203-gd48b2df3c9 (webtiles) character file.

Game seed: 171646918478264686

38 wakim the Ruffian (level 3, 0/28 HPs)
             Began as a Draconian Transmuter on Jan 30, 2021.
             Succumbed to an adder's poison
             ... on level 2 of the Dungeon.
             The game lasted 00:05:03 (1368 turns).

wakim the Ruffian (Draconian Transmuter)            Turns: 1368, Time: 00:05:04

Health: 0/28       AC:  5    Str: 10 (12) XL:     3   Next: 25%
Magic:  5/6        EV: 12    Int: 12 (14) God:
Gold:   21         SH:  0    Dex:  8 (11) Spells: 5/6 levels left

rFire    . . .     SeeInvis .     - Unarmed
rCold    . . .     Faith    .   (no shield)
rNeg     . . .     Spirit   .   (armour unavailable)
rPois    .         Reflect  .   (helmet currently unavailable)
rElec    .         Harm     .   (no cloak)
rCorr    .         Rampage  .   (no gloves)
Will     .....                  (boots currently unavailable)
Stlth    +.........             (no amulet)
HPRegen  0.09/turn              (no ring)
MPRegen  0.10/turn              (no ring)

@: lethally poisoned (0 -> -11), appendages (expiring), attractive
A: unfitting armour, horns 2, talons 2, cold-blooded, AC +5
a: End Transformation


You were on level 2 of the Dungeon.
You had grown temporary horns.
You had grown temporary talons.
You visited 1 branch of the dungeon, and saw 2 of its levels.

You collected 21 gold pieces.

Inventory:

Jewellery
 f - an uncursed ring of magical power {unknown}
Scrolls
 a - a scroll of amnesia {unknown}
 b - 2 scrolls of identify {unknown}
 e - a scroll of remove curse {unknown}
Potions
 d - a potion of degeneration


   Skills:
 + Level 1.5 Fighting
 + Level 2.0 Dodging
 * Level 3.4 Unarmed Combat
 + Level 2.2 Spellcasting
 * Level 2.6 Transmutations


You had 5 spell levels left.
You knew the following spells:

 Your Spells              Type           Power        Failure   Level
a - Beastly Appendage     Tmut           14%          9%          1

Your spell library contained the following spells:

 Spells                   Type           Power        Failure   Level
 Wereblood                Tmut           7%           14%         2
 Spider Form              Tmut/Pois      2%           43%         3
 Ice Form                 Ice/Tmut       4%           83%         4
 Blade Hands              Tmut           3%           94%         5


Dungeon Overview and Level Annotations

Branches:
Dungeon (2/15)

Altars:


Innate Abilities, Weirdness & Mutations

Your plain brown scales are hard. (AC +5)
You cannot fit into any form of body armour.
You are cold-blooded and may be slowed by cold attacks.
You have a pair of horns on your head.
You have razor-sharp toenails.


Message History

* * * LOW HITPOINT WARNING * * *
You are more poisoned.
The adder poisons you!
You closely miss the adder.
The adder is almost dead.
* * * LOW HITPOINT WARNING * * *
You feel sick. The adder barely misses you.
You hit the adder but do no damage.
The adder is almost dead.
* * * LOW HITPOINT WARNING * * *
You feel sick. The adder misses you.
You hit the adder. You headbutt the adder.
You kill the adder!
Your transformation is almost over.
* * * LOW HITPOINT WARNING * * *
You feel sick.
* * * LOW HITPOINT WARNING * * *
You feel sick.
You see here an adder corpse.
You die...

## ..# #.# #.#
### #.# ...
...#.##########
#(#
##.#.#.........
#.#
#.....†.....#
######.#
#..#.#@####.#
.......#
#..#.#.#
......#
#..#.#.# #...#
#..#.#.#
#...####..#.#.#
#....)......#.#
#..#####..###.#
#..# #..# #.#
#..# #..# #.#


There were no monsters in sight!

Vanquished Creatures
  An adder (D:2)
  A dart slug (D:1)
  2 leopard geckos (D:1)
  2 bats (D:1)
  A giant cockroach (D:1)
  3 goblins
  5 hobgoblins
  2 kobolds (D:1)
  A ball python (D:1)
  2 frilled lizards (D:1)
  4 rats
24 creatures vanquished.

Vanquished Creatures (others)
  A plant (D:1)
1 creature vanquished.

Grand Total: 25 creatures vanquished

Notes
Turn   | Place    | Note
-------+----------+-------------------------------------------
     0 | D:1      | wakim the Draconian Transmuter began the quest for the Orb.
     0 | D:1      | Reached XP level 1. HP: 16/16 MP: 3/3
   342 | D:1      | Reached XP level 2. HP: 20/23 MP: 3/5
  1170 | D:2      | Reached XP level 3. HP: 13/28 MP: 4/6
  1367 | D:2      | HP: 1/28 [poisoned by an adder]
  1368 | D:2      | Succumbed to an adder's poison

Illustrated notes

Levels and vault maps discovered:
D:1:      dpeg_arrival_fog, layout_basic, minmay_misc_feat_enclosed,
          chequers_big_river
D:2:      layout_loops_ring, fedhas_ov_isle_minmay, uniq_crazy_yiuf_cottage

Skill      XL: |  1  2 |
---------------+-------+-----
Dodging        | 2 |  2.0
Fighting       | |  1.5
Unarmed Combat | |  3.4
Spellcasting   | |  2.2
Transmutations | |  2.6

Action                   || total
-------------------------++-------
Melee: Unarmed           ||    94
       Headbutt          ||     9
       Kick              ||     8
       Tailslap          ||     1
       Punch             ||     2
 Cast: Beastly Appendage ||    14
  Use: Potion            ||     2
Armor: Skin              ||    32
Dodge: Dodged            ||    57

Table legend: (Time is in decaauts)
 A = Elapsed time spent in this place.
 B = Non-inter-level travel time spent in this place.
 C = Inter-level travel time spent in this place.
 D = Time resting spent in this place.
 E = Time spent auto-exploring this place.
 F = Levels seen in this place.
 G = Mean time per level.
                   A        B        C        D        E       F      G
               +--------+--------+--------+--------+--------+-----+--------+
         Total |   1382 |   1333 |     49 |    586 |    483 |   2 |  691.0 |
       Dungeon |   1382 |   1333 |     49 |    586 |    483 |   2 |  691.0 |
               +--------+--------+--------+--------+--------+-----+--------+

Top non-repeatable levels by time:
     D:1: 1124 daAuts
     D:2: 257 daAuts
